 Dungeon Crawl Stone Soup version 0.28.0 (webtiles) character file.

Game seed: 16212287631989231532

22 trckry the Vexing (level 2, 0/28 HPs)
             Began as an Ogre Arcane Marksman on Feb 9, 2022.
             Slain by a goblin (2 damage)
             ... on level 1 of the Dungeon.
             The game lasted 00:02:17 (776 turns).

trckry the Vexing (Ogre Arcane Marksman)             Turns: 776, Time: 00:02:18

Health: 0/28       AC:  3    Str: 13    XL:     2   Next: 91%
Magic:  4/4        EV:  9    Int: 14    God:
Gold:   9          SH:  0    Dex:  9    Spells: 3/4 levels left

rFire   . . .      SeeInvis +   d - +0 club
rCold   . . .      Faith    .   (no shield)
rNeg    . . .      Spirit   .   a - +0 robe
rPois   .          Reflect  .   (helmet restricted)
rElec   .          Harm     .   (no cloak)
rCorr   .          Rampage  .   (gloves unavailable)
Will    .....                   (boots unavailable)
Stlth   +.........              (no amulet)
HPRegen 0.09/turn               e - ring of see invisible
MPRegen 0.09/turn               (no ring)

@: no status effects
A: large, unfitting armour, tough skin 1
a: no special abilities


You were on level 1 of the Dungeon.
You visited 1 branch of the dungeon, and saw 1 of its levels.

You collected 9 gold pieces.

Inventory:

Hand Weapons
 d - a +0 club (weapon)
Missiles
 c - 2 throwing nets (quivered)
Armour
 a - a +0 robe (worn)
Jewellery
 e - a ring of see invisible (left hand)
Scrolls
 f - a scroll of identify {unknown}


   Skills:
 + Level 1.6 Fighting
 * Level 2.3 Throwing
 + Level 0.4 Armour
 + Level 1.9 Dodging
 + Level 1.6 Spellcasting
 * Level 3.0 Hexes


You had 3 spell levels left.
You knew the following spells:

 Your Spells              Type           Power      Damage    Failure   Level
a - Slow                  Hex            36%        N/A       8%          1

Your spell library contained the following spells:

 Spells                   Type           Power      Damage    Failure   Level
 Inner Flame              Hex/Fire       5%         N/A       38%         3
 Portal Projectile        Hex/Tloc       10%        N/A       38%         3
 Cause Fear               Hex            4%         N/A       58%         4


Dungeon Overview and Level Annotations

Branches:
Dungeon (1/15)

Altars:


Innate Abilities, Weirdness & Mutations

You are too large for most types of armour.
You have tough skin. (AC +1)


Message History

The jackal bites you.
You barely miss the jackal.
The jackal is almost dead.
The jackal barely misses you. The jackal completely misses you.
You hit the jackal.
You kill the jackal!
Throw: 4 large rocks
Press: ? - help, Q - select action, (/) - cycle Shift-Dir - straight line, f - goblin
Aim: a goblin, wielding a +0 club (45% to hit)
You throw a large rock. The large rock hits the goblin.
The goblin is severely wounded.
The goblin closely misses you. The goblin hits you with a +0 club.
* * * LOW HITPOINT WARNING * * *
Throw: 3 large rocks
Press: ? - help, Q - select action, (/) - cycle Shift-Dir - straight line, f/p - goblin
Aim: a goblin, wielding a +0 club (severely wounded, 45% to hit)
You throw a large rock.
The large rock barely misses the goblin.
The large rock hits the jackal!
You kill the jackal!
The goblin closely misses you. The goblin hits you with a +0 club.
* * * LOW HITPOINT WARNING * * *
Your Hexes skill increases to level 3!
Throw: 2 large rocks
Press: ? - help, Q - select action, (/) - cycle Shift-Dir - straight line, f/p - goblin
Aim: a goblin, wielding a +0 club (severely wounded, 45% to hit)
You throw a large rock.
The large rock barely misses the goblin.
The large rock hits the endoplasm!
You kill the endoplasm!
The goblin barely misses you. The goblin hits you with a +0 club.
* * * LOW HITPOINT WARNING * * *
Throw: large rock
Press: ? - help, Q - select action, (/) - cycle Shift-Dir - straight line, f/p - goblin
Aim: a goblin, wielding a +0 club (severely wounded, 45% to hit)
You throw a large rock.
The large rock barely misses the goblin.
The large rock barely misses the goblin.
The goblin hits you with a +0 club.
You die...

.. ####......... #....
#. #............ ####.
####.##.###........ ##
#.......# #........
##.....########.###
###..........#.######
###...............
######..######...#
#.......### #@#
....#####.).# #g# .
###.# #g# #.####(#
#...##.# ###.##.### ##
#.##...## .# ...
#...(...## #..#
....##.....h.#####...###


You could see 2 goblins.

Vanquished Creatures
  2 ball pythons (D:1)
  2 endoplasms (D:1)
  A giant cockroach (D:1)
  A goblin (D:1)
  A hobgoblin (D:1)
  4 jackals (D:1)
  3 kobolds (D:1)
  A quokka (D:1)
  2 bats (D:1)
  2 frilled lizards (D:1)
  A rat (D:1)
20 creatures vanquished.

Notes
Turn   | Place    | Note
-------+----------+-------------------------------------------
     0 | D:1      | trckry the Ogre Arcane Marksman began the quest for the
                  | Orb.
     0 | D:1      | Reached XP level 1. HP: 19/19 MP: 2/2
   237 | D:1      | Reached XP level 2. HP: 10/27 MP: 4/4
   773 | D:1      | HP: 4/27 [goblin (4)]
   774 | D:1      | Reached skill level 3 in Hexes
   776 | D:1      | Slain by a goblin

Illustrated notes

Levels and vault maps discovered:
D:1:      lemuel_arrival_behind_the_door_large, layout_rooms, serial_park_tiny_1

Skill      XL: |  1  2 |
---------------+-------+-----
Hexes          | 3 |  3.0
Fighting       | |  1.6
Throwing       | |  2.3
Armour         | |  0.4
Dodging        | |  1.9
Spellcasting   | |  1.6

Action                   || total
-------------------------++-------
Melee: Club              ||    92
       Punch             ||     1
Throw: Large rock        ||     4
Armor: Robe              ||    45
Dodge: Dodged            ||    75
